 Dungeon Crawl Stone Soup version 0.19-a0-1886-gd64a0f0 (webtiles) character file.

72942 vev the Ripper (level 15, -5/76 HPs)
             Began as a Felid Wanderer on Oct 16, 2016.
             Was the Champion of Dithmenos.
             Killed by the raging water
             ... invoked by a water nymph
              (29 damage)
             ... on level 4 of the Shoals.
             The game lasted 03:58:40 (39755 turns).

vev the Ripper (Felid Wanderer)                    Turns: 39755, Time: 03:58:40

Health: -5/76      AC:  5    Str: 16    XL:     15   Next: 2%
Magic:  16/21      EV: 38    Int: 19    God:    Dithmenos [******]
Gold:   1761       SH:  0    Dex: 34    Spells: 3 memorised, 9 levels left
                                        Lives:  0   Deaths: 4

rFire  . . .     SeeInvis +       - Unarmed
rCold  + . .     Gourm    .     (armour unavailable)
rNeg   . . .     Faith    .     (shield unavailable)
rPois  +         Spirit   .     (helmet unavailable)
rElec  +         Dismiss  .     (cloak unavailable)
rCorr  .         Reflect  .     (gloves unavailable)
MR     ++++.     Harm     .     (boots unavailable)
Stlth  ++++++++++ Rnd*Rage +    L - amulet of regeneration
                                X - ring of Gaurphudo {Wiz +Fly Str+4 Dex+8 Stlth-}
                                e - ring "Plog" {*Drain rPois MR++ Int+6 Dex+7}

@: flying, wreathed by umbra, quick
A: no armour, no weapons or thrown items, stealth, claws 1, fangs 3, horns 1,
iridescent scales 1, see invisible, berserk 1, blink, carnivore 3, speed 1,
shaggy fur 3, electricity resistance, slow metabolism 1, sharp paws
a: Blink, Shadow Step, Shadow Form, Renounce Religion, Stop Flying


You were on level 4 of the Shoals.
You worshipped Dithmenos.
Dithmenos was exalted by your worship.
You were not hungry.

You visited 6 branches of the dungeon, and saw 32 of its levels.
You also visited: Sewer and Bailey.

You collected 2767 gold pieces.
You spent 1006 gold pieces at shops.

Inventory:

Jewellery
 e - the ring "Plog" (left paw) {*Drain rPois MR++ Int+6 Dex+7}
   (You found it on level 2 of the Lair of Beasts)

   [ring of intelligence]

   It affects your intelligence (+6).
   It affects your dexterity (+7).
   It protects you from poison.
   It affects your resistance to hostile enchantments.
   It causes draining when unequipped.
 m - an uncursed ring of protection from cold
 r - an uncursed amulet of dismissal
 K - an uncursed ring of protection from fire
 L - an amulet of regeneration (around neck)
 X - the ring of Gaurphudo (right paw) {Wiz +Fly Str+4 Dex+8 Stlth-}
   (You bought it in a shop on level 2 of the Orcish Mines)

   [ring of wizardry]

   It improves your spell success rate.
   It affects your strength (+4).
   It affects your dexterity (+8).
   It lets you fly.
   It makes you less stealthy.
Wands
 i - a wand of teleportation (1/9)
 w - a wand of acid (5/15)
 x - a wand of teleportation (5/9)
 G - a wand of polymorph (1/24)
 I - a wand of polymorph (10/24)
 J - a wand of paralysis (10/24)
 P - a wand of lightning (6/15)
 R - a wand of lightning (3/15)
 S - a wand of teleportation (3/9)
 U - a wand of confusion (12/48)
 Y - a wand of iceblast (4/15)
Scrolls
 a - 4 scrolls of fear
 g - 7 scrolls of recharging
 l - 16 scrolls of remove curse
 n - 4 scrolls of magic mapping
 o - 14 scrolls of teleportation
 v - 11 scrolls of amnesia
 y - 2 scrolls of blinking
 H - 3 scrolls of fog
 M - a scroll of holy word
 Z - a scroll of silence {unknown}
Potions
 b - a potion of heal wounds
 c - 6 potions of curing
 f - 5 potions of mutation
 k - 4 potions of agility
 p - 2 potions of ambrosia
 s - 3 potions of cancellation
 t - 6 potions of flight
 u - 3 potions of haste
 A - a potion of cure mutation
 C - 3 potions of might
 E - 2 potions of resistance
 F - 3 potions of brilliance
Books
 j - a book of Misfortune

   Spells                             Type                      Level
   a - Confusing Touch                Hexes                        1
   b - Confuse                        Hexes                        3
   c - Gell's Gravitas                Hexes/Translocation          3
   d - Petrify                        Transmutation/Earth          4
   e - Metabolic Englaciation         Hexes/Ice                    5
   f - Yara's Violent Unravelling     Hexes/Transmutation          5
 q - a book of Cantrips

   Spells                             Type                      Level
   a - Confusing Touch                Hexes                        1
   b - Animate Skeleton               Necromancy                   1
   c - Summon Small Mammal            Summoning                    1
   d - Apportation                    Translocation                1
 Q - a Young Poisoner's Handbook

   Spells                             Type                      Level
   a - Sting                          Conjuration/Poison           1
   b - Mephitic Cloud                 Conjuration/Poison/Air       3
   c - Olgreb's Toxic Radiance        Poison                       4
   d - Alistair's Intoxication        Transmutation/Poison         5
   e - Venom Bolt                     Conjuration/Poison           5
Miscellaneous
 D - a fan of gales
 N - a box of beasts
 T - a disc of storms
 V - 2 phantom mirrors
Comestibles
 d - 13 meat rations
 h - 18 slices of pizza
 z - 5 beef jerkies
 O - 7 royal jellies


   Skills:
 + Level 14.4 Fighting
 + Level 16.1 Dodging
 + Level 17.3 Stealth
 * Level 17.8 Unarmed Combat
 + Level 11.2 Hexes
 - Level 5.0 Translocations
 - Level 7.8 Invocations
 - Level 5.0 Evocations


You had 9 spell levels left.
You knew the following spells:

 Your Spells              Type           Power        Failure   Level  Hunger
a - Confusing Touch       Hex            #####.       1%          1    ##.....
c - Confuse               Hex            #####...     1%          3    ####...
z - Apportation           Tloc           ###.......   1%          1    ##.....


Dungeon Overview and Level Annotations

Branches:
Dungeon (15/15)            Temple (1/1) D:7            Lair (6/6) D:9
 Shoals (4/4) Lair:2       Spider (4/4) Lair:3        Slime (0/5) Lair:6
    Orc (2/2) D:12            Elf (0/3) Orc:2        Vaults (0/5) D:13
 Depths: D:15

Altars:
Ashenzari
Cheibriados
Dithmenos
Elyvilon
Fedhas
Gozag
Hepliaklqana
Kikubaaqudgha
Makhleb
Nemelex Xobeh
Okawaru
Qazlal
Ru
Sif Muna
Trog
Uskayaw
Vehumet
Xom
Yredelemnul
Zin
The Shining One
Beogh
Jiyva

Shops:
D:8 (   Orc:2 (}==

Annotations:
D:11 exclusion: downstairs
D:12 2 runed doors, 1 exclusion
Lair:2 exclusion: downstairs
Spider:4 Mara


Innate Abilities, Weirdness & Mutations

You cannot wear armour.
You are incapable of wielding weapons or throwing items.
Your paws allow you to move quietly. (Stealth)
You have sharp claws.
You have razor-sharp teeth.
You have supernaturally acute eyesight. (SInv)
You are carnivorous and can eat meat at any time.
You cover ground quickly.
Your thick and shaggy fur keeps you warm. (AC +3, rC+)
You have a slow metabolism.
Your sharp claws are effective at attacking unaware monsters.
You have a pair of small horns on your head.
You are partially covered in iridescent scales. (AC +2)
You tend to lose your temper in combat.
You can translocate small distances at will.
You are resistant to electric shocks. (rElec)


Message History

You butcher the merfolk corpse.
You hear a splash.
The water nymph shouts!
The water nymph gestures at you while chanting.
The water swirls and strikes you!
You emit a cloud of dark smoke.
Items here: % ) [ ÷ a demon trident of flaming; a leather armour; 3 chunks of flesh a merfolk skeleton There isn't anything to butcher here.
You feel very buoyant.
You fly up into the air.
You feel somewhat more hungry.
Things that are here:
a trident; a merfolk corpse The water nymph casts a spell at you.
The water rises up and strikes you!
You closely miss the water nymph.
You headbutt the water nymph, but do no damage.
Your claw misses the water nymph.
The water nymph gestures at you while chanting.
The water rises up and strikes you!
You die...

≈≈≈≈≈≈≈≈≈≈≈≈≈≈≈≈≈≈≈≈≈≈
≈≈≈≈≈≈≈≈≈≈≈≈≈≈≈≈≈≈≈≈≈≈≈≈
≈≈≈≈≈≈≈≈≈≈≈≈≈≈≈≈≈≈≈≈≈≈≈≈≈
≈≈≈≈≈≈≈≈≈≈≈≈(≈≈≈≈≈≈≈≈≈≈≈≈
≈≈≈≈≈≈≈≈≈≈≈≈≈≈≈≈≈≈≈≈≈≈≈≈.
≈≈≈≈≈≈≈≈)≈≈).≈≈≈≈≈≈≈≈≈≈≈≈
≈≈≈≈≈≈≈≈≈≈≈...≈≈≈≈≈≈≈≈≈≈≈
≈≈≈≈≈≈≈≈≈≈≈≈PP)m≈≈≈≈≈≈≈≈≈
≈≈≈≈≈≈≈≈##P##PP#@≈≈≈≈≈≈≈≈
≈≈≈≈≈≈≈≈≈≈P≈≈≈P#≈≈≈≈≈≈≈≈≈
≈≈≈≈≈mPPP≈..≈≈PPP≈≈≈≈≈≈≈≈
≈≈≈≈≈≈P≈P...."##P≈≈≈≈≈≈≈≈
≈≈≈≈≈≈≈≈...)≈≈≈≈≈≈≈≈≈≈≈≈.
.≈≈≈≈≈P##....≈P≈P≈≈≈≈≈≈≈.
.≈≈≈≈≈PPP..≈≈≈PPP≈.....m.
.≈.....#P≈..P.≈≈≈..###...
≈≈≈...≈#PP##P##≈≈... ...


You could see a merfolk javelineer and a water nymph.

Vanquished Creatures
  Agnes (Spider:4)
  An emperor scorpion (Spider:4)
  3 ghouls (D:13)
  Aizul (Spider:4)
  2 entropy weavers (Spider:4)
  The ghost of Philosophy the Fighter, a journeyman MiBe of Trog (Orc:2)
  3 spark wasps
  The ghost of poirepourri the Severer, a journeyman MiFi of Okawaru (D:12)
  A merfolk javelineer (Shoals:3)
  An ettin (Orc:1)
  The ghost of CypherZel the Grappler, a journeyman TrFi of Ru (Lair:4)
  2 merfolk impalers (Shoals:4)
  4 vault guards (D:13)
  4 hydras
  2 catoblepae
  2 merfolk aquamancers
  3 merfolk avatars
  2 queen ants
  2 tengu warriors (D:14)
  An alligator (Lair:1)
  Sonja (D:10)
  Urug (D:14)
  3 skeletal warriors (D:13)
  7 sea snakes
  An unseen horror (D:13)
  6 hill giants
  14 harpies
  11 orc knights
  7 ugly things
  2 deep elf magi
  8 manticores
  A wolf spider zombie (D:14)
  A manticore (shapeshifter) (D:13)
  8 fauns
  An orc sorcerer (Orc:1)
  10 orb spiders
  4 moths of wrath
  4 cyclopes
  7 slime creatures
  17 wolf spiders
  10 centaur zombies
  4 water nymphs
  4 black mambas
  3 elephants (Lair:4)
  8 sirens
  2 torpor snails
  A gargoyle (D:15)
  24 spiny frogs
  2 efreet
  6 demonic crawlers
  A rime drake (shapeshifter) (D:13)
  2 komodo dragons
  A queen bee (Lair:2)
  2 wind drakes
  4 trolls
  19 merfolk
  A hornet (D:10)
  4 tyrant leeches (Lair:6)
  25 jumping spiders
  2 two-headed ogres
  4 snapping turtles
  3 blink frogs (Lair:3)
  11 dream sheep
  Grinder (D:6)
  12 hippogriffs
  A meliai zombie (D:15)
  A vampire (D:11)
  Sigmund (D:3)
  2 wyverns
  73 redbacks
  A redback (shapeshifter) (D:15)
  A wraith (D:14)
  4 hogs (D:9)
  61 yaks
  24 tarantellas
  A human (D:9)
  7 water elementals
  6 basilisks
  7 vampire mosquitoes
  9 wargs
  2 hungry ghosts
  24 soldier ants
  11 water moccasins
  11 porcupines
  A black bear (D:9)
  2 eyes of draining
  8 ice beasts
  49 orc warriors
  3 sky beasts
  16 ogres
  12 wolves
  9 centaurs
  19 crocodiles
  6 big kobolds
  27 bullfrogs
  2 wyvern zombies (D:13)
  5 scorpions
  A water moccasin skeleton (D:4)
  30 killer bees
  5 wights (D:11)
  3 howler monkeys (D:13)
  6 electric eels
  16 crimson imps
  3 jellies
  8 orc priests
  6 hounds
  3 bullfrog zombies
  15 orc wizards
  3 bullfrog skeletons
  5 centaur skeletons
  Ijyb (D:2)
  Crazy Yiuf (D:3)
  Natasha (thrice) (D:2)
  8 iguanas
  28 worker ants
  4 hell rats (Lair:1)
  2 hound skeletons (D:7)
  A howler monkey skeleton (D:10)
  A worker ant zombie (D:9)
  11 gnolls
  12 adders
  17 river rats
  2 shadow imps
  9 oozes
  An adder zombie (D:9)
  An adder skeleton (D:10)
  4 worms
  3 dart slugs
  6 leopard geckos
  121 orcs
  5 bats
  6 giant cockroaches
  6 goblins
  7 hobgoblins
  17 jackals
  13 kobolds
  4 quokkas
  7 ball pythons
  4 frilled lizards
  2 jackal skeletons (D:4)
  15 rats
  A bush (Lair:2)
  A plant (Lair:6)
1142 creatures vanquished.

Vanquished Creatures (collateral kills)
  An entropy weaver (Spider:2)
  A harpy (Shoals:2)
  A soldier ant (Spider:2)
  An orc warrior (D:12)
4 creatures vanquished.

Vanquished Creatures (others)
  A bush (D:9)
  18 fungi
  44 plants
  3 withered plants (D:13)
66 creatures vanquished.

Grand Total: 1212 creatures vanquished

Notes
Turn   | Place    | Note
-------+----------+-------------------------------------------
     0 | D:1      | vev the Felid Wanderer began the quest for the Orb.
     0 | D:1      | vev set off with: a scroll of fear, a potion of heal wounds, 2 potions of curing, a meat ration
     0 | D:1      | Reached XP level 1. HP: 12/12 MP: 2/2
   210 | D:1      | Reached skill level 1 in Dodging
   324 | D:1      | Reached XP level 2. HP: 13/16 MP: 3/3
   791 | D:2      | Noticed Natasha
   798 | D:2      | Noticed a crimson imp
   800 | D:2      | Killed Natasha
   800 | D:2      | Reached skill level 2 in Stealth
   800 | D:2      | Reached XP level 3. HP: 5/19 MP: 4/4
  1190 | D:2      | Reached skill level 2 in Dodging
  1372 | D:2      | Noticed Ijyb
  1388 | D:2      | Killed Ijyb
  1388 | D:2      | Reached skill level 4 in Unarmed Combat
  1388 | D:2      | Reached XP level 4. HP: 18/23 MP: 5/5
  1399 | D:2      | Noticed Natasha
  1406 | D:2      | Killed Natasha
  1494 | D:2      | Noticed Natasha
  1613 | D:2      | Killed Natasha
  1613 | D:2      | Reached skill level 3 in Stealth
  1805 | D:2      | Reached XP level 5. HP: 26/26 MP: 6/6
  2039 | D:3      | Reached skill level 3 in Dodging
  2118 | D:3      | Found a glowing drain.
  2127 | Sewer    | Entered a sewer
  2202 | Sewer    | Gained mutation: You are covered in thick fur. (AC +2) [Felid growth]
  2202 | Sewer    | Reached XP level 6. HP: 26/30 MP: 7/7
  2296 | Sewer    | Reached skill level 4 in Stealth
  2296 | Sewer    | Reached skill level 5 in Unarmed Combat
  2910 | Sewer    | Reached skill level 4 in Dodging
  3042 | Sewer    | Reached skill level 6 in Fighting
  3042 | Sewer    | Reached XP level 7. HP: 23/34 MP: 8/8
  3368 | Sewer    | Reached skill level 5 in Stealth
  3511 | D:3      | Noticed Sigmund
  4300 | D:4      | Learned a level 1 spell: Confusing Touch
  4315 | D:4      | Learned a level 1 spell: Apportation
  4336 | D:4      | Reached skill level 5 in Dodging
  4336 | D:4      | Reached skill level 6 in Unarmed Combat
  4336 | D:4      | Reached skill level 1 in Hexes
  4513 | D:4      | Reached skill level 2 in Hexes
  4597 | D:5      | Entered Level 5 of the Dungeon
  4811 | D:5      | Reached XP level 8. HP: 23/39 MP: 9/9
  5026 | D:4      | Reached skill level 3 in Hexes
  5555 | D:5      | Reached skill level 4 in Hexes
  5663 | D:5      | Reached skill level 6 in Stealth
  5773 | D:5      | Reached skill level 7 in Unarmed Combat
  6660 | D:3      | Found a runed door.
  6665 | D:3      | Noticed Crazy Yiuf
  6673 | D:3      | Killed Crazy Yiuf
  6703 | D:3      | Killed Sigmund
  6703 | D:3      | Reached skill level 7 in Fighting
  6703 | D:3      | Reached skill level 6 in Dodging
  6703 | D:3      | Reached skill level 5 in Hexes
  7812 | D:6      | Reached XP level 9. HP: 43/43 MP: 8/10
  7910 | D:6      | Noticed Grinder
  7918 | D:6      | Killed Grinder
  7918 | D:6      | Reached skill level 8 in Unarmed Combat
  8035 | D:6      | Reached skill level 7 in Stealth
  8309 | D:7      | Reached skill level 7 in Dodging
  8309 | D:7      | Reached skill level 6 in Hexes
  8466 | D:7      | Found a flagged portal.
  8476 | Bailey   | Entered a bailey
  8682 | Bailey   | Found an iron altar of Okawaru.
  8682 | Bailey   | Noticed a kobold demonologist
  8682 | Bailey   | Noticed an orc sorcerer
  8730 | Bailey   | Noticed a hellwing
  8736 | Bailey   | Noticed a rust devil
  8737 | Bailey   | Noticed an ice devil
  8756 | Bailey   | Noticed a salamander
  8756 | Bailey   | an orc sorcerer changed into a salamander
  9251 | D:7      | Reached skill level 8 in Stealth
  9252 | D:7      | Found a staircase to the Ecumenical Temple.
  9267 | D:7      | Reached skill level 9 in Unarmed Combat
  9276 | Temple   | Entered the Ecumenical Temple
  9589 | Temple   | Became a worshipper of Dithmenos the Shadowed
  9755 | D:7      | Noticed a troll
  9765 | D:7      | Killed a troll
 10058 | D:8      | Reached skill level 8 in Dodging
 10058 | D:8      | Reached XP level 10. HP: 47/48 MP: 11/11
 10077 | D:8      | Found Hip Ock's Antique Weapon Emporium.
 10387 | D:8      | Reached skill level 8 in Fighting
 11136 | D:9      | Reached skill level 9 in Stealth
 11234 | D:9      | Reached * piety under Dithmenos
 11322 | D:9      | Reached skill level 10 in Unarmed Combat
 11496 | D:9      | Reached skill level 7 in Hexes
 11523 | D:9      | Found a staircase to the Lair.
 11795 | D:9      | Reached skill level 9 in Dodging
 11879 | D:9      | Gained mutation: You have a pair of small horns on your head. [mutagenic meat]
 11882 | D:9      | Gained mutation: You tend to lose your temper in combat. [mutagenic meat]
 11885 | D:9      | Gained mutation: You are resistant to electric shocks. (rElec) [mutagenic meat]
 11942 | D:9      | Found a white marble altar of Elyvilon.
 12058 | D:10     | Entered Level 10 of the Dungeon
 12227 | D:10     | Noticed Sonja
 12336 | D:10     | Noticed a hill giant
 12365 | D:10     | Killed a hill giant
 12365 | D:10     | Reached skill level 9 in Fighting
 12365 | D:10     | Reached skill level 10 in Stealth
 12365 | D:10     | Reached XP level 11. HP: 50/53 MP: 9/12
 12442 | D:10     | Reached ** piety under Dithmenos
 12653 | D:10     | Reached skill level 8 in Hexes
 12728 | D:10     | Killed Sonja
 12728 | D:10     | Reached skill level 11 in Unarmed Combat
 13106 | D:11     | Reached skill level 1 in Invocations
 13810 | D:11     | Noticed a red ugly thing
 13830 | D:11     | Killed a red ugly thing
 13857 | D:11     | Reached skill level 2 in Invocations
 14086 | Lair:1   | Entered Level 1 of the Lair of Beasts
 14325 | Lair:1   | Noticed an eight-headed hydra
 14335 | Lair:1   | Noticed an alligator
 14335 | Lair:1   | an eight-headed hydra changed into an alligator
 14384 | Lair:1   | Killed an alligator
 14384 | Lair:1   | Reached skill level 10 in Dodging
 14384 | Lair:1   | Reached skill level 11 in Stealth
 14874 | Lair:1   | Reached *** piety under Dithmenos
 15063 | Lair:1   | Reached skill level 3 in Invocations
 15334 | Lair:1   | Reached skill level 12 in Unarmed Combat
 15493 | Lair:1   | Gained mutation: Your thick and shaggy fur keeps you warm. (AC +3, rC+) [Felid growth]
 15493 | Lair:1   | Reached XP level 12. HP: 47/58 MP: 13/15
 16177 | Lair:2   | Reached skill level 10 in Fighting
 16270 | Lair:2   | Found a staircase to the Shoals.
 17138 | Lair:3   | Noticed a seven-headed hydra
 17408 | Lair:3   | Reached skill level 4 in Invocations
 17524 | Lair:4   | Noticed CypherZel's ghost (journeyman TrFi)
 17550 | Lair:4   | Killed CypherZel's ghost
 17610 | Lair:4   | Noticed a catoblepas
 17614 | Lair:4   | Killed a catoblepas
 17934 | Lair:4   | Reached skill level 12 in Stealth
 18179 | Lair:4   | Reached skill level 11 in Dodging
 18217 | Lair:4   | Reached **** piety under Dithmenos
 18972 | Lair:5   | Reached skill level 13 in Unarmed Combat
 18972 | Lair:5   | Reached skill level 5 in Invocations
 19026 | Lair:5   | Gained mutation: You are partially covered in iridescent scales. (AC +2) [potion of beneficial mutation]
 19027 | Lair:5   | Gained mutation: You can translocate small distances at will. [potion of beneficial mutation]
 19453 | Lair:6   | Entered Level 6 of the Lair of Beasts
 19610 | Lair:6   | Reached skill level 2 in Evocations
 19664 | Lair:6   | Reached skill level 11 in Fighting
 19698 | Lair:6   | Noticed a five-headed hydra
 19732 | Lair:6   | Slain by a crocodile
 19733 | Lair:6   | Reached XP level 11. HP: -1/55 MP: 15/15
 19737 | Lair:6   | Found a viscous altar of Jiyva.
 19737 | Lair:6   | Found a staircase to the Slime Pits.
 19761 | Lair:6   | HP: 5/55 [poisoned by a spiny frog]
 19765 | Lair:6   | HP: 2/55 [poisoned by a spiny frog]
 19840 | Lair:6   | Reached XP level 12. HP: 44/60 MP: 14/16
 20073 | Lair:6   | Killed a five-headed hydra
 20073 | Lair:6   | Reached skill level 3 in Evocations
 20175 | Lair:6   | Reached ***** piety under Dithmenos
 20456 | Lair:6   | Reached skill level 4 in Evocations
 20619 | Lair:5   | Reached skill level 13 in Stealth
 21153 | Lair:6   | Reached skill level 12 in Dodging
 21800 | Lair:6   | Noticed a four-headed hydra
 22202 | D:11     | Reached XP level 13. HP: 63/63 MP: 15/17
 22310 | D:11     | Reached skill level 14 in Unarmed Combat
 22616 | D:12     | Found a runed door.
 22639 | D:12     | Reached skill level 5 in Evocations
 22640 | D:12     | Noticed a fire dragon
 22701 | D:12     | Found a roughly hewn altar of Beogh.
 22881 | D:12     | Found a runed door.
 22881 | D:12     | Noticed a fire dragon
 22992 | D:12     | Noticed poirepourri's ghost (journeyman MiFi)
 23335 | D:13     | Noticed a ghoul
 23362 | D:13     | Found a sacrificial altar of Ru.
 23493 | D:13     | Noticed a ghoul
 23511 | D:13     | Killed a ghoul
 23849 | D:13     | Reached skill level 12 in Fighting
 24018 | D:13     | Reached skill level 14 in Stealth
 24022 | D:13     | Reached ****** piety under Dithmenos
 24039 | D:13     | Noticed a ghoul
 24166 | D:13     | Killed a ghoul
 24166 | D:13     | Reached skill level 6 in Invocations
 24233 | D:13     | Reached skill level 13 in Dodging
 24312 | D:13     | Found a gate to the Vaults.
 24409 | D:13     | Killed a ghoul
 24785 | D:13     | Reached XP level 14. HP: 25/69 MP: 17/19
 25264 | D:12     | Reached skill level 15 in Unarmed Combat
 25336 | D:12     | Found a staircase to the Orcish Mines.
 25730 | D:12     | Killed poirepourri's ghost
 25827 | Orc:1    | Entered Level 1 of the Orcish Mines
 25876 | Orc:2    | Entered Level 2 of the Orcish Mines
 26392 | Orc:2    | Found a staircase to the Elven Halls.
 26407 | Orc:2    | Found a roughly hewn altar of Beogh.
 26521 | Orc:2    | Noticed Philosophy's ghost (journeyman MiBe)
 26601 | Orc:2    | HP: 5/69 [Philosophy's ghost (18)]
 26603 | Orc:2    | HP: 2/69 [poisoned by Philosophy's ghost]
 26612 | Orc:2    | HP: 6/69 [orc priest/divine providence[an orc knight] (11)]
 27810 | Orc:2    | Reached skill level 7 in Invocations
 28444 | D:14     | Noticed Urug
 28675 | D:14     | HP: 3/69 [seven-headed hydra (13)]
 28675 | D:14     | Mangled by a seven-headed hydra
 28676 | D:14     | Reached XP level 13. HP: -12/65 MP: 19/19
 28759 | D:14     | Noticed a spark wasp
 28759 | D:14     | an eight-headed hydra changed into a spark wasp
 28774 | D:14     | Killed a spark wasp
 28868 | D:14     | Killed Urug
 29223 | D:14     | Reached skill level 15 in Stealth
 29317 | D:15     | Entered Level 15 of the Dungeon
 29622 | D:15     | Noticed a shadow dragon
 29622 | D:15     | a six-headed hydra changed into a shadow dragon
 29966 | Orc:2    | Reached skill level 14 in Dodging
 30305 | Orc:2    | Killed Philosophy's ghost
 30305 | Orc:2    | Reached XP level 14. HP: 69/69 MP: 20/20
 30313 | Orc:2    | Found Cycybo's Gadget Boutique.
 30313 | Orc:2    | Found Warrof's Weapon Shoppe.
 30425 | Orc:2    | Reached skill level 13 in Fighting
 30519 | Orc:2    | Found a roughly hewn altar of Beogh.
 30567 | Orc:2    | Found Fapiud's Jewellery Boutique.
 30629 | Orc:2    | Found Painkut's Jewellery Shoppe.
 30909 | Orc:2    | Bought the ring of Gaurphudo {Wiz +Fly Str+4 Dex+8 Stlth-} for 1006 gold pieces
 31179 | Shoals:1 | Entered Level 1 of the Shoals
 31385 | Shoals:1 | Reached skill level 1 in Translocations
 31430 | Shoals:1 | Reached skill level 2 in Translocations
 31438 | Shoals:1 | HP: 7/70 [harpy (12)]
 31439 | Shoals:1 | Mangled by a harpy
 31440 | Shoals:1 | Reached XP level 13. HP: -6/66 MP: 18/19
 31448 | Shoals:1 | Reached skill level 16 in Unarmed Combat
 31754 | Shoals:2 | Reached skill level 3 in Translocations
 32299 | Shoals:3 | Noticed a merfolk javelineer
 32362 | Shoals:3 | Found a runed door.
 32388 | Shoals:3 | Reached XP level 14. HP: 70/70 MP: 15/20
 32420 | Shoals:3 | Reached skill level 4 in Translocations
 32916 | Shoals:3 | Reached skill level 16 in Stealth
 32921 | Shoals:3 | HP: 5/70 [poisoned by a sea snake]
 32924 | Shoals:3 | HP: 2/70 [faun/sling bullet (21)]
 33377 | Lair:2   | Reached skill level 5 in Translocations
 33617 | Lair:2   | Got a pitted tin ring
 33620 | Lair:2   | Identified the ring "Plog" {*Drain rPois MR++ Int+6 Dex+7} (You found it on level 2 of the Lair of Beasts)
 33779 | Lair:3   | Reached skill level 15 in Dodging
 33827 | Lair:3   | Found a hole to the Spider Nest.
 34033 | Spider:1 | Entered Level 1 of the Spider Nest
 34493 | Spider:1 | Reached skill level 9 in Hexes
 35214 | Spider:2 | Learned a level 3 spell: Confuse
 35779 | Spider:2 | Reached skill level 17 in Unarmed Combat
 36040 | Spider:2 | Noticed an entropy weaver
 36042 | Spider:2 | Reached XP level 15. HP: 75/75 MP: 21/21
 36254 | Spider:2 | Reached skill level 10 in Hexes
 37054 | Spider:3 | Reached skill level 14 in Fighting
 37396 | Spider:4 | Entered Level 4 of the Spider Nest
 37773 | Spider:4 | Reached skill level 17 in Stealth
 37857 | Spider:4 | Noticed Agnes
 37857 | Spider:4 | Noticed Aizul
 37919 | Spider:4 | Killed Agnes
 37921 | Spider:4 | Killed Aizul
 37937 | Spider:4 | Identified a scroll of acquirement
 37944 | Spider:4 | Got a pitted platinum ring
 37946 | Spider:4 | Identified the ring "Fitaakke" {MR+ Int+4 Dex-5 Slay+2} (You acquired it on level 4 of the Spider Nest)
 38293 | Spider:4 | Reached skill level 11 in Hexes
 38421 | Spider:4 | Noticed a ghost moth
 38486 | Spider:4 | Noticed Mara
 38735 | Spider:4 | Noticed vev's illusion
 38956 | Spider:4 | Noticed vev's illusion
 39388 | Shoals:4 | Entered Level 4 of the Shoals
 39456 | Shoals:3 | Reached skill level 16 in Dodging
 39679 | Shoals:4 | Slain by a merfolk impaler
 39680 | Shoals:4 | Reached XP level 14. HP: -4/72 MP: 20/20
 39721 | Shoals:4 | Reached XP level 15. HP: 25/76 MP: 18/21
 39755 | Shoals:4 | Killed from afar by a water nymph

Vault maps used:
D:1:      evilmike_arrival_grusome_pit
D:2:      serial_corexii_hall, corexii_hall_statues_x, corexii_hall_statues_x,
          corexii_hall_statues_i, uniq_natasha, uniq_iyjb
D:3:      portal_sewer_entry_d, uniq_sigmund, uniq_crazy_yiuf_cottage
D:4:      first_bread
D:6:      uniq_grinder
D:7:      enter_bailey_2
D:8:      serial_shops, kennysheep_mini
D:9:      minmay_lair_entry_grove, basic_altar, grunt_livestock
D:10:     uniq_sonja
D:11:     glass_columns_a
D:12:     erik_orc_4, special_room, minmay_guarded_unrand_resistance
D:13:     lightli_vaults_fourway_checkpoint, basic_altar, serial_undead,
          serial_undead_d, serial_undead_e, serial_undead_d, serial_undead_a,
          kennysheep_generic_room_16
D:14:     hangedman_decor_lopped, uniq_urug
D:15:     hangedman_depths_entry_try_elsewhere_first, fungi_pond_lemuel,
          minmay_tree_intersection, fountainhead
Temple:   regret_index_temple_sigil_plot
Lair:1:   kennysheep_abandoned_house
Lair:2:   regret_index_wax_grids, elwin_shoals_entry_rooms,
          eino_small_chamber_without_monster, minmay_hedge_maze,
          lemuel_fruit_tree, infiniplex_staircase_pool_2
Lair:3:   spider_nest_entry_funnel_web, grunt_megastairs_4,
          infiniplex_staircase_pool, serial_bayou_shore_b
Lair:4:   eino_small_chamber_without_monster
Lair:5:   beast_lair_carwin_11
Lair:6:   minmay_lair_end_frog_pond, slime_altar_1, fungi_pond_lemuel
Shoals:1: centaur_isle
Shoals:3: lightli_airlock
Shoals:4: shoals_end_grunt_garden, shoal_ilsuiw
Spider:1: hangedman_spider_tarantella_strand
Spider:2: minivault_29, nicolae_spider_cling_ruins
Spider:3: spiders_nest_hornet_nest
Spider:4: grunt_spider_rune_circles, uniq_mara, uniq_agnes, uniq_aizul
Orc:2:    st_orc_town, basic_altar
Sewer:    sewer_co_tree
Bailey:   bailey_axe_of_yendor_kennysheep, bailey

Skill      XL: |  1  2  3  4  5  6  7  8  9 10 11 12 13 14 15 |
---------------+----------------------------------------------+-----
Dodging        | 1 2 3 4 5 6 8 9 10 12 14 15 16 | 16.1
Stealth        | 2 3 4 5 6 8 10 11 13 15 16 17 | 17.3
Unarmed Combat | 4 5 6 7 9 10 12 13 16 17 | 17.8
Fighting       | 6 7 9 11 12 13 14 | 14.4
Hexes          | 2 5 6 7 8 9 11 | 11.2
Invocations    | 3 5 6 7 |  7.8
Evocations     | 4 5 |  5.0
Translocations | 3 5 |  5.0

Action                   |  1- 3 |  4- 6 |  7- 9 | 10-12 | 13-15 || total
-------------------------+-------+-------+-------+-------+-------++-------
Melee: Unarmed           |    68 |   133 |   509 |  1085 |  2080 ||  3875
       Bite              |     7 |     8 |    44 |   133 |   312 ||   504
       Punch             |       |     1 |    16 |    71 |   200 ||   288
       Headbutt          |       |       |       |   186 |   563 ||   749
 Cast: Confusing Touch   |       |       |    37 |   119 |   141 ||   297
       Apportation       |       |       |     1 |     3 |    35 ||    39
       Confuse           |       |       |       |       |    37 ||    37
Invok: Shadow Step       |       |       |       |       |     3 ||     3
 Abil: Blink             |       |       |       |     4 |     6 ||    10
       Evoke Flight      |       |       |       |       |    25 ||    25
Evoke: Wand              |       |       |     1 |     8 |     5 ||    14
       Sack of spiders   |       |       |       |     1 |       ||     1
       Box of beasts     |       |       |       |       |     2 ||     2
       Fan of gales      |       |       |       |       |     1 ||     1
  Use: Scroll            |     3 |     1 |     3 |    10 |    17 ||    34
       Potion            |       |       |       |     5 |    11 ||    16
 Stab: Sleeping          |     1 |     2 |    18 |    67 |   123 ||   211
       Distracted        |       |     1 |     2 |     7 |    31 ||    41
       Confused          |       |       |    24 |    71 |   111 ||   206
  Eat: Chunk             |     8 |     4 |    15 |    36 |    63 ||   126
Armor: Skin              |     2 |     4 |    18 |    17 |    51 ||    92
Dodge: Dodged            |    42 |    78 |   328 |   782 |  1879 ||  3109
